 Dungeon Crawl Stone Soup version 0.26-a0-540-g8a0c9464d7 (webtiles) character file.

Game seed: 2203253507853016955

13330 vurker the Covert (level 12, -4/96 HPs)
             Began as a Gnoll Delver on Aug 23, 2020.
             Was an Elder of Cheibriados.
             Slain by a six-headed hydra (5 damage)
             ... on level 11 of the Dungeon.
             The game lasted 00:20:52 (16024 turns).

vurker the Covert (Gnoll Delver)                   Turns: 16024, Time: 00:20:53

Health: -4/96      AC: 13    Str: 24    XL:     12   Next: 4%
Magic:  31/31      EV: 14    Int: 26    God:    Cheibriados [****..]
Gold:   645        SH: 18    Dex: 26    Spells: 24/24 levels left

rFire    . . .     SeeInvis .   e - +2 scimitar (flame)
rCold    . . .     Faith    .   u - +1 tower shield
rNeg     . . .     Spirit   .   f - +0 plate armour
rPois    .         Reflect  .   (no helmet)
rElec    .         Harm     .   (no cloak)
rCorr    .                      (no gloves)
MR       .....                  (no boots)
Stlth    +.........             (no amulet)
HPRegen  0.26/turn              j - ring of magical power
MPRegen  0.22/turn              w - +4 ring of evasion

@: very slow
A: distributed training, fangs 1, strong nose
a: Bend Time, Temporal Distortion, Slouch, Renounce Religion


You were on level 11 of the Dungeon.
You worshipped Cheibriados.
Cheibriados was greatly pleased with you.
You visited 2 branches of the dungeon, and saw 12 of its levels.

You collected 645 gold pieces.

Inventory:

Hand Weapons
 e - a +2 scimitar of flaming (weapon)
   (You took it off Erica on level 8 of the Dungeon)
 l - a +1 whip of draining
   (You took it off a gnoll shaman on level 8 of the Dungeon)
 s - a +2 morningstar of protection
   (You took it off an orc on level 9 of the Dungeon)
Armour
 b - a +0 buckler
   (You found it on level 2 of the Dungeon)
 f - a +0 plate armour (worn)
   (You took it off an orc warrior on level 7 of the Dungeon)
 h - a +0 scale mail
   (You found it on level 2 of the Dungeon)
 u - a +1 tower shield (worn)
   (You found it on level 4 of the Dungeon)
Jewellery
 g - an uncursed ring of positive energy
   (You found it on level 4 of the Dungeon)
 j - a ring of magical power (left hand)
   (You found it on level 2 of the Dungeon)
 w - a +4 ring of evasion (right hand)
   (You took it off an orc on level 9 of the Dungeon)
 A - an uncursed ring of see invisible
   (You found it on level 4 of the Dungeon)
Wands
 t - a wand of flame (21)
   (You found it on level 8 of the Dungeon)
 x - a wand of acid (5)
   (You found it on level 11 of the Dungeon)
Scrolls
 a - 2 scrolls of teleportation
 c - a scroll of fog
 d - a scroll of magic mapping
 i - 6 scrolls of remove curse
 k - 4 scrolls of enchant weapon
 o - 3 scrolls of enchant armour
 p - a scroll of random uselessness {unknown}
 r - 4 scrolls of identify
 y - a scroll of blinking
Potions
 m - a potion of magic
 n - a potion of cancellation
 q - a potion of invisibility
 v - 6 potions of curing
 z - a potion of brilliance
 B - a potion of flight


   Skills:
 + Level 9.5 Fighting
 + Level 6.9 Short Blades
 + Level 6.9 Long Blades
 + Level 6.9 Axes
 + Level 8.3 Maces & Flails
 + Level 6.9 Polearms
 + Level 6.9 Staves
 + Level 6.9 Slings
 + Level 6.9 Bows
 + Level 6.9 Crossbows
 + Level 6.9 Throwing
 + Level 6.9 Armour
 + Level 8.3 Dodging
 + Level 11.5 Stealth
 + Level 6.9 Shields
 + Level 6.9 Unarmed Combat
 + Level 6.9 Spellcasting
 + Level 5.7 Conjurations
 + Level 5.7 Hexes
 + Level 5.7 Summonings
 + Level 5.7 Necromancy
 + Level 5.7 Translocations
 + Level 5.7 Transmutations
 + Level 5.7 Fire Magic
 + Level 5.7 Ice Magic
 + Level 5.7 Air Magic
 + Level 5.7 Earth Magic
 + Level 5.7 Poison Magic
 + Level 7.5 Invocations
 + Level 6.9 Evocations


You had 24 spell levels left.
You didn't know any spells.
Your spell library contained the following spells:

 Spells                   Type           Power        Failure   Level
 Magic Dart               Conj           ####         65%         1
 Summon Small Mammal      Summ           ####         65%         1
 Blink                    Tloc           N/A          78%         2
 Call Imp                 Summ           #####...     78%         2
 Slow                     Hex            #####...     78%         2
 Call Canine Familiar     Summ           #####...     95%         3
 Conjure Flame            Conj/Fire      #####...     95%         3
 Mephitic Cloud           Conj/Pois/Air  #####...     95%         3
 Summon Guardian Golem    Hex/Summ       #####...     95%         3
 Summon Ice Beast         Ice/Summ       #####...     100%        4
 Summon Lightning Spire   Summ/Air       #####...     100%        4


Dungeon Overview and Level Annotations

Branches:
Dungeon (11/15)            Temple (1/1) D:7            Lair (0/6) D:11
    Orc (0/2) D:9

Altars:
Ashenzari
Cheibriados
Dithmenos
Elyvilon
Fedhas
Gozag
Hepliaklqana
Kikubaaqudgha
Makhleb
Nemelex Xobeh
Okawaru
Qazlal
Ru
Sif Muna
Trog
Uskayaw
Vehumet
Wu Jian
Xom
Yredelemnul
Zin
The Shining One

Shops:
D:11 =

Annotations:
D:5 3 runed translucent doors, Ewyn99's ghost, amateur HOFi; XanderDroid's ghost, novice GnWn; Xoff's ghost, novice DEAE


Innate Abilities, Weirdness & Mutations

Your experience applies equally to all skills.
You have very sharp teeth.
Your uncanny sense of smell can sniff out nearby items.


Message History

You block the hippogriff's attack. x2
Your plate armour prevents you from hitting the hippogriff.
The hippogriff closely misses you. You block the hippogriff's attack. x2
You hit the hippogriff. You drain the hippogriff.
You block the hippogriff's attack. The hippogriff closely misses you.
The hippogriff claws you but does no damage.
You hit the hippogriff but do no damage.
You whack the hippogriff! You bite the hippogriff.
The hippogriff bites you but does no damage.
You block the hippogriff's attack.
The hippogriff claws you but does no damage.
You hit the hippogriff. You drain the hippogriff.
You kill the hippogriff!
Cheibriados thoroughly appreciates the change of pace.
A seven-headed hydra comes into view.
Your +2 scimitar of flaming bursts into flame!
e - a +2 scimitar of flaming (weapon)
You barely miss the seven-headed hydra.
You block the seven-headed hydra's attack. x3
The seven-headed hydra bites you.
* * * LOW HITPOINT WARNING * * *
You block the seven-headed hydra's attack.
The seven-headed hydra bites you but does no damage.
The seven-headed hydra closely misses you.
Unknown command.
Unknown command.
Your shield and plate armour prevent you from hitting the seven-headed hydra.
The seven-headed hydra closely misses you.
You riposte.
You barely miss the seven-headed hydra.
You block the seven-headed hydra's attack.
The seven-headed hydra bites you.
* * * LOW HITPOINT WARNING * * *
The seven-headed hydra bites you.
* * * LOW HITPOINT WARNING * * *
You block the seven-headed hydra's attack.
The seven-headed hydra bites you but does no damage.
The seven-headed hydra bites you.
* * * LOW HITPOINT WARNING * * *
You lop one of the seven-headed hydra's heads off!
The flame cauterises the wound!
You slash the six-headed hydra! You burn the six-headed hydra.
You bite the six-headed hydra.
You block the six-headed hydra's attack.
The six-headed hydra bites you but does no damage.
You block the six-headed hydra's attack.
The six-headed hydra bites you.
* * * LOW HITPOINT WARNING * * *
The six-headed hydra bites you!
* * * LOW HITPOINT WARNING * * *
The six-headed hydra bites you.
You die...

##**#####..#...#.......#...#.# #
#..#...+..._...'...+.#
##########.#...#.......#...#.#
............####.......#####.#
#########.....#.........#,,,.#
....<.........#⌠.##+...⌠#,,*##
#########.###...##...####,**
####### #.# #....#...#,,,,*
......###.# ###.@#...#,,*,*
#####.....#####.D#####.#*,* #
#####......((..[H..#,,*******
#########.########....#....,,,,,,
..........# #####.#**#******
########### **#


You could see a six-headed hydra.

Vanquished Creatures
  Snorg (D:10)
  Erica (D:8)
  A hydra (D:9)
  2 unseen horrors
  2 cyclopes
  Psyche (D:8)
  A kobold demonologist (D:11)
  2 rime drakes (D:11)
  3 trolls
  2 hippogriffs
  A shadow (D:11)
  2 wyverns
  A wraith (D:11)
  2 humans (D:8)
  A steam dragon (D:10)
  3 porcupines (D:11)
  6 orc warriors
  5 ogres
  A sky beast (D:4)
  2 necrophages (D:10)
  4 black bears
  2 ice beasts
  A phantom (D:7)
  6 centaurs
  3 big kobolds (D:11)
  9 bullfrogs
  4 scorpions
  10 killer bees
  18 wights
  3 howler monkeys
  2 jellies
  4 orc priests
  7 orc wizards
  2 gnoll shamans (D:8)
  4 hounds
  2 bullfrog skeletons
  A centaur skeleton (D:6)
  5 iguanas
  6 worker ants
  A hound zombie (D:4)
  A worker ant zombie (D:11)
  5 gnolls
  13 adders
  4 shadow imps
  5 white imps
  3 ufetubi
  3 oozes
  An adder zombie (D:7)
  An adder skeleton (D:4)
  4 worms
  4 dart slugs
  4 leopard geckos
  55 orcs
  2 ball pythons
  A bat zombie (D:5)
  6 giant cockroaches
  6 goblins
  4 hobgoblins
  22 jackals
  4 quokkas
  7 bats
  4 frilled lizards
  A jackal skeleton (D:4)
  18 kobolds
  2 leopard gecko skeletons
  4 rats
  2 rat zombies (D:5)
320 creatures vanquished.

Vanquished Creatures (others)
  A draconian (D:1)
  An elf (D:1)
  A troll (D:1)
  A formicid (D:1)
  A spriggan (D:1)
  A human (D:1)
  2 nagas (D:1)
  A dwarf (D:1)
  An ogre (D:1)
  A centaur (D:1)
  A mummy (D:1)
  4 fungi (D:11)
  2 plants (D:11)
  6 tentacles (D:1)
  4 withered plants (D:5)
28 creatures vanquished.

Grand Total: 348 creatures vanquished

Notes
Turn   | Place    | Note
-------+----------+-------------------------------------------
     0 | D:5      | Reached skill level 9 in Stealth
     0 | D:5      | vurker the Gnoll Delver began the quest for the Orb.
     0 | D:5      | Reached XP level 1. HP: 23/23 MP: 1/1
    29 | D:5      | Reached XP level 2. HP: 8/29 MP: 2/2
    29 | D:5      | Reached XP level 3. HP: 10/35 MP: 3/3
   256 | D:5      | Found a runed translucent gate.
   256 | D:5      | Found a runed translucent gate.
   256 | D:5      | Found a runed translucent gate.
   256 | D:5      | Noticed XanderDroid's ghost (novice GnWn)
   257 | D:5      | Noticed Ewyn99's ghost (amateur HOFi)
   257 | D:5      | Noticed Xoff's ghost (novice DEAE)
   320 | D:4      | Noticed an ogre
   363 | D:4      | Reached skill level 1 in Short Blades
   363 | D:4      | Reached skill level 1 in Long Blades
   363 | D:4      | Reached skill level 1 in Axes
   363 | D:4      | Reached skill level 1 in Polearms
   363 | D:4      | Reached skill level 1 in Staves
   363 | D:4      | Reached skill level 1 in Slings
   363 | D:4      | Reached skill level 1 in Bows
   363 | D:4      | Reached skill level 1 in Crossbows
   363 | D:4      | Reached skill level 1 in Throwing
   363 | D:4      | Reached skill level 1 in Armour
   363 | D:4      | Reached skill level 1 in Shields
   363 | D:4      | Reached skill level 1 in Unarmed Combat
   363 | D:4      | Reached skill level 1 in Spellcasting
   363 | D:4      | Reached skill level 1 in Invocations
   363 | D:4      | Reached skill level 1 in Evocations
   717 | D:2      | Reached XP level 4. HP: 34/41 MP: 5/5
   976 | D:2      | Found a faded altar of an unknown god.
  1129 | D:1      | Killed an ogre
  1132 | D:1      | Killed a formicid
  1136 | D:1      | Killed a naga
  1138 | D:1      | Killed a draconian
  1140 | D:1      | Killed a centaur
  1140 | D:1      | Killed a spriggan
  1140 | D:1      | Killed a dwarf
  1141 | D:1      | Killed a human
  1142 | D:1      | Killed an elf
  1144 | D:1      | Killed a naga
  1148 | D:1      | Killed a troll
  1213 | D:1      | Reached skill level 1 in Conjurations
  1213 | D:1      | Reached skill level 1 in Hexes
  1213 | D:1      | Reached skill level 1 in Summonings
  1213 | D:1      | Reached skill level 1 in Necromancy
  1213 | D:1      | Reached skill level 1 in Translocations
  1213 | D:1      | Reached skill level 1 in Transmutations
  1213 | D:1      | Reached skill level 1 in Fire Magic
  1213 | D:1      | Reached skill level 1 in Ice Magic
  1213 | D:1      | Reached skill level 1 in Air Magic
  1213 | D:1      | Reached skill level 1 in Earth Magic
  1213 | D:1      | Reached skill level 1 in Poison Magic
  1345 | D:1      | Noticed a kraken
  1967 | D:2      | Reached XP level 5. HP: 47/47 MP: 7/7
  2199 | D:2      | Found a bloodstained altar of Trog.
  3153 | D:3      | Found a sacrificial altar of Ru.
  3228 | D:3      | Found a hide-covered altar of Uskayaw.
  3457 | D:4      | Reached XP level 6. HP: 39/53 MP: 8/8
  3576 | D:4      | Reached skill level 5 in Maces & Flails
  3576 | D:4      | Reached skill level 5 in Dodging
  4955 | D:4      | Reached XP level 7. HP: 33/60 MP: 10/10
  5630 | D:5      | Found a basalt altar of Yredelemnul.
  5948 | D:5      | Reached skill level 10 in Stealth
  5948 | D:5      | Reached XP level 8. HP: 47/67 MP: 12/12
  6154 | D:5      | Found an ancient bone altar of Kikubaaqudgha.
  6451 | D:6      | HP: 2/67 [ice beast (9)]
  7378 | D:6      | Found an ornate altar of the Wu Jian Council.
  7549 | D:6      | Reached XP level 9. HP: 50/72 MP: 14/14
  7683 | D:6      | Found a blossoming altar of Fedhas.
  8112 | D:7      | Found a staircase to the Ecumenical Temple.
  8140 | Temple   | Entered the Ecumenical Temple
  8488 | Temple   | Became a worshipper of Cheibriados the Contemplative
  8687 | D:7      | Noticed a troll
  8934 | D:7      | HP: 2/109 [bullfrog (5)]
  8941 | D:7      | Killed a troll
 10150 | D:8      | Noticed Psyche
 10222 | D:8      | Killed Psyche
 10222 | D:8      | Reached skill level 5 in Invocations
 10377 | D:7      | Reached * piety under Cheibriados
 10519 | D:8      | Found a basalt altar of Yredelemnul.
 10554 | D:8      | Noticed Erica
 10576 | D:8      | HP: 3/74 [Erica/lance of force (25)]
 10610 | D:8      | Killed Erica
 10610 | D:8      | Reached skill level 5 in Short Blades
 10610 | D:8      | Reached skill level 5 in Long Blades
 10610 | D:8      | Reached skill level 5 in Axes
 10610 | D:8      | Reached skill level 5 in Polearms
 10610 | D:8      | Reached skill level 5 in Staves
 10610 | D:8      | Reached skill level 5 in Slings
 10610 | D:8      | Reached skill level 5 in Bows
 10610 | D:8      | Reached skill level 5 in Crossbows
 10610 | D:8      | Reached skill level 5 in Throwing
 10610 | D:8      | Reached skill level 5 in Armour
 10610 | D:8      | Reached skill level 5 in Shields
 10610 | D:8      | Reached skill level 5 in Unarmed Combat
 10610 | D:8      | Reached skill level 5 in Spellcasting
 10610 | D:8      | Reached skill level 5 in Evocations
 10610 | D:8      | Reached XP level 10. HP: 10/81 MP: 17/17
 11147 | D:8      | Found an iron altar of Okawaru.
 11251 | D:8      | Found a shimmering altar of Xom.
 11512 | D:9      | Reached ** piety under Cheibriados
 11784 | D:9      | Found a staircase to the Orcish Mines.
 11902 | D:9      | Noticed a cyclops
 11917 | D:9      | Killed a cyclops
 12211 | D:9      | Reached *** piety under Cheibriados
 12603 | D:9      | Reached skill level 11 in Stealth
 12649 | D:9      | Noticed an eight-headed hydra
 12656 | D:9      | Killed a four-headed hydra
 12886 | D:9      | Reached XP level 11. HP: 83/87 MP: 19/19
 13044 | D:10     | Entered Level 10 of the Dungeon
 13107 | D:10     | Reached **** piety under Cheibriados
 13480 | D:10     | Reached skill level 5 in Conjurations
 13480 | D:10     | Reached skill level 5 in Hexes
 13480 | D:10     | Reached skill level 5 in Summonings
 13480 | D:10     | Reached skill level 5 in Necromancy
 13480 | D:10     | Reached skill level 5 in Translocations
 13480 | D:10     | Reached skill level 5 in Transmutations
 13480 | D:10     | Reached skill level 5 in Fire Magic
 13480 | D:10     | Reached skill level 5 in Ice Magic
 13480 | D:10     | Reached skill level 5 in Air Magic
 13480 | D:10     | Reached skill level 5 in Earth Magic
 13480 | D:10     | Reached skill level 5 in Poison Magic
 13803 | D:10     | Noticed Snorg
 13822 | D:10     | Killed Snorg
 14224 | D:10     | Noticed an unseen horror
 14264 | D:10     | Killed an unseen horror
 14349 | D:10     | Found a white marble altar of Elyvilon.
 14479 | D:10     | Found a white marble altar of Elyvilon.
 14923 | D:11     | Noticed an unseen horror
 14932 | D:11     | Killed an unseen horror
 14952 | D:11     | Found Vaodaism's Jewellery Shoppe.
 15047 | D:11     | Found a frozen archway.
 15385 | D:11     | Found a shattered altar of Ashenzari.
 15557 | D:11     | Found a staircase to the Lair.
 15575 | D:11     | Reached ***** piety under Cheibriados
 15961 | D:11     | Noticed a cyclops
 15978 | D:11     | Killed a cyclops
 15978 | D:11     | Reached XP level 12. HP: 22/96 MP: 22/22
 16020 | D:11     | Noticed a seven-headed hydra
 16024 | D:11     | HP: 1/96 [six-headed hydra (12)]
 16024 | D:11     | Slain by a six-headed hydra

Illustrated notes

Levels and vault maps discovered:
D:1:      nicolae_arrival_kraken_aquarium_a, layout_basic
D:2:      layout_basic, lightli_temple_of_fire,
          chequers_ecumenical_altar_simple_redux
D:3:      layout_basic, lemuel_crystal_altar, nicolae_ru_the_path_less_chosen
D:4:      minmay_opposing_rooms, layout_layer_cave, serial_bayou_lagoon_b
D:5:      layout_rooms, lemuel_zombie_altar_kikubaaqudgha, lemuel_round_altar,
          gammafunk_ghost_cemetery
D:6:      layout_loops_ring, fedhas_bush_and_centaur_altar, lemuel_crystal_altar
D:7:      layout_layer_cave, minmay_temple_entry_glassed_door,
          hangedman_abyss_or_decor_stabs
D:8:      layout_cave_pools, xom_butterflies, okawaru_humans, basic_altar,
          serial_gnoll_camp, gnoll_camp_mini_loothouse,
          gnoll_camp_mini_doghouse, gnoll_camp_mini_hut, gnoll_camp_mini_hut,
          uniq_psyche, uniq_erica
D:9:      layout_roguey, hiddenorc2_lemuel
D:10:     layout_irregular_city, basic_altar, uniq_snorg
D:11:     layout_loops_ring, due_lair_maze_entry_diamond, portal_ice_cave_rime,
          serial_shops, shop, evilmike_ruin_ashenzari
Temple:   oiseaux_autumnal_temple

Skill      XL: |  1  2  3  4  5  6  7  8  9 10 11 |
---------------+----------------------------------+-----
Stealth        | 10 11 | 11.5
Short Blades   | 1 2 3 5 6 |  6.9
Long Blades    | 1 2 3 5 6 |  6.9
Axes           | 1 2 3 5 6 |  6.9
Polearms       | 1 2 3 5 6 |  6.9
Staves         | 1 2 3 5 6 |  6.9
Slings         | 1 2 3 5 6 |  6.9
Bows           | 1 2 3 5 6 |  6.9
Crossbows      | 1 2 3 5 6 |  6.9
Throwing       | 1 2 3 5 6 |  6.9
Armour         | 1 2 3 5 6 |  6.9
Shields        | 1 2 3 5 6 |  6.9
Unarmed Combat | 1 2 3 5 6 |  6.9
Spellcasting   | 1 2 3 5 6 |  6.9
Invocations    | 1 2 3 4 5 6 7 |  7.5
Evocations     | 1 2 3 5 6 |  6.9
Conjurations   | 1 2 3 4 5 |  5.7
Hexes          | 1 2 3 4 5 |  5.7
Summonings     | 1 2 3 4 5 |  5.7
Necromancy     | 1 2 3 4 5 |  5.7
Translocations | 1 2 3 4 5 |  5.7
Transmutations | 1 2 3 4 5 |  5.7
Fire Magic     | 1 2 3 4 5 |  5.7
Ice Magic      | 1 2 3 4 5 |  5.7
Air Magic      | 1 2 3 4 5 |  5.7
Earth Magic    | 1 2 3 4 5 |  5.7
Poison Magic   | 1 2 3 4 5 |  5.7
Maces & Flails | 5 6 7 8 |  8.3
Dodging        | 5 6 7 8 |  8.3
Fighting       | 7 8 9 |  9.5

Action                   |  1- 3 |  4- 6 |  7- 9 | 10-12 || total
-------------------------+-------+-------+-------+-------++-------
Melee: Mace              |    30 |   256 |   573 |       ||   859
       Bite              |     2 |    31 |    76 |   180 ||   289
       Whip              |       |       |       |   761 ||   761
       Scimitar          |       |       |       |   119 ||   119
Invok: Bend Time         |       |       |     1 |       ||     1
       Slouch            |       |       |       |     4 ||     4
       Temporal Distorti |       |       |       |     2 ||     2
Evoke: Wand              |       |       |     3 |     3 ||     6
  Use: Scroll            |       |     9 |    11 |     2 ||    22
       Potion            |       |     1 |     8 |     1 ||    10
 Stab: Sleeping          |     4 |    17 |    11 |       ||    32
       Distracted        |       |       |     3 |       ||     3
Armor: Leather armour    |     6 |       |       |       ||     6
       Scale mail        |       |    85 |   147 |       ||   232
       Skin              |       |       |    67 |       ||    67
       Plate armour      |       |       |     5 |   243 ||   248
Dodge: Dodged            |    17 |   134 |   174 |   184 ||   509
Block: Buckler           |       |    49 |       |       ||    49
       Tower shield      |       |    31 |   544 |   822 ||  1397
       Rpst.: Scimitar   |       |       |       |    13 ||    13

Table legend: (Time is in decaauts)
 A = Elapsed time spent in this place.
 B = Non-inter-level travel time spent in this place.
 C = Inter-level travel time spent in this place.
 D = Time resting spent in this place.
 E = Time spent auto-exploring this place.
 F = Levels seen in this place.
 G = Mean time per level.
                   A        B        C        D        E       F      G
               +--------+--------+--------+--------+--------+-----+--------+
         Total |  17745 |  17259 |    486 |   1250 |  12530 |  12 | 1478.8 |
       Dungeon |  17353 |  16926 |    427 |   1250 |  12200 |  11 | 1577.5 |
        Temple |    391 |    333 |     58 |      0 |    330 |   1 |  391.0 |
               +--------+--------+--------+--------+--------+-----+--------+

Top non-repeatable levels by time:
     D:4: 2450 daAuts
    D:10: 2287 daAuts
     D:7: 2218 daAuts
     D:9: 1653 daAuts
    D:11: 1557 daAuts
     D:6: 1528 daAuts
     D:8: 1487 daAuts
     D:5: 1435 daAuts
     D:3: 1049 daAuts
     D:2: 869 daAuts
     D:1: 817 daAuts
  Temple: 391 daAuts
